 Dungeon Crawl Stone Soup version 0.25.0-1-g7eea58d2a3 (webtiles) character file.

Game seed: 12157452893684510031

383 Esekla the Skirmisher (level 7, 0/56 HPs)
             Began as a Formicid Chaos Knight on June 15, 2020.
             Was a Plaything of Xom.
             Slain by a black bear (2 damage)
             ... on level 7 of the Dungeon.
             The game lasted 00:13:06 (1919 turns).

Esekla the Skirmisher (Formicid Chaos Knight)       Turns: 1919, Time: 00:13:07

Health: 0/56       AC:  5    Str: 16    XL:     7   Next: 5%
Magic:  7/7        EV: 12    Int: 12    God:    Xom [...*..]
Gold:   121        SH:  0    Dex: 12    Spells: 6/6 levels left

rFire    . . .     SeeInvis +   o - +0 long sword
rCold    . . .     Gourm    .   (no shield)
rNeg     . . .     Faith    .   b - +2 leather armour
rPois    .         Spirit   .   (helmet unavailable)
rElec    .         Reflect  .   (no cloak)
rCorr    .         Harm     .   (no gloves)
MR       .....                  (no boots)
Stlth    ++........             (no amulet)
HPRegen  0.18/turn              (no ring)
MPRegen  0.10/turn              (no ring)

@: no status effects
A: permanent stasis, dig shafts and tunnels, four strong arms, antennae 3, beak,
talons 1
a: Dig, Shaft Self, Renounce Religion


You were on level 7 of the Dungeon.
You worshipped Xom.
You were a favourite toy of Xom.
You were very hungry.

You visited 1 branch of the dungeon, and saw 7 of its levels.

You collected 121 gold pieces.

Inventory:

Hand Weapons
 o - a +0 long sword (weapon)
Armour
 b - a +2 leather armour (worn)
 j - a +0 buckler
Wands
 l - a wand of iceblast (9)
Scrolls
 d - 4 scrolls of identify
 f - a scroll of enchant weapon {unknown}
 g - a scroll of immolation {unknown}
 i - 3 scrolls of remove curse {unknown}
 k - 3 scrolls of fear {unknown}
Potions
 e - a potion of haste
 h - a potion of cancellation
 m - 2 potions of curing
Comestibles
 c - 5 rations


   Skills:
 * Level 5.3 Fighting
 + Level 5.1 Long Blades
 + Level 2.9 Armour
 + Level 1.8 Dodging
 + Level 2.7 Stealth


You had 6 spell levels left.
You didn't know any spells.
Your spell library contained the following spells:

 Spells                   Type           Power        Failure   Level  Hunger
 Corona                   Hex            #......      36%         1    ##.....
 Ensorcelled Hibernation  Hex/Ice        #.....       52%         2    ###....
 Confusing Touch          Hex            #.......     75%         3    ####...
 Dazzling Flash           Conj/Hex       #.....       75%         3    ####...
 Tukima's Dance           Hex            #.......     75%         3    ####...


Dungeon Overview and Level Annotations

Branches:
Dungeon (7/15)
 Temple: D:4-7

Altars:
Cheibriados
Dithmenos
Gozag
Okawaru
Trog
Xom

Shops:
D:5 :

Annotations:
D:2 Robin
D:3 Grinder
D:5 Edmund, Ijyb


Innate Abilities, Weirdness & Mutations

You cannot be hasted, slowed, berserked, paralysed or teleported.
You can dig through walls and to a lower floor.
Your four strong arms can wield two-handed weapons with a shield.
You have a pair of large antennae on your head. (SInv)
You have a beak for a mouth.
You have sharp toenails.


Message History

The shadow imp is moderately wounded.
The shadow imp misses you. The black bear bites you!
* * * LOW HITPOINT WARNING * * *
The black bear closely misses you. The black bear claws you.
* * * LOW HITPOINT WARNING * * *
You slash the shadow imp!
You kill the shadow imp!
The black bear barely misses you.
The black bear claws you but does no damage.
The black bear closely misses you.
You hit the black bear.
The black bear is severely wounded.
The black bear closely misses you. The black bear barely misses you.
The black bear closely misses you.
You hit the black bear but do no damage.
The black bear is severely wounded.
The black bear closely misses you.
You riposte.
You barely miss the black bear.
The black bear is severely wounded.
The black bear claws you.
You die...

#.# #.# #..# #..#
.#..####...
.........#
#.#######
#........
.......@##
#.......#
..#####h.####
#.......#
##....##
#...)...#
####..####.....##
##.<........##
#####..>....#
#.......#
#.......#
###.....##


You could see a black bear.

Vanquished Creatures
  2 ogres (D:4)
  A bullfrog zombie (D:4)
  A worker ant (D:4)
  2 hound zombies (D:4)
  2 adders
  2 shadow imps (D:7)
  An adder skeleton (D:5)
  A worm (D:5)
  4 dart slugs
  4 leopard geckos
  6 orcs (D:4)
  2 giant cockroaches
  8 goblins
  9 hobgoblins
  10 jackals
  5 kobolds
  A quokka (D:3)
  A ball python (D:1)
  4 bats
  A frilled lizard (D:1)
  A giant cockroach zombie (D:5)
  A leopard gecko skeleton (D:4)
  A quokka skeleton (D:4)
  A quokka zombie (D:4)
  6 rats
77 creatures vanquished.

Notes
Turn   | Place    | Note
-------+----------+-------------------------------------------
     0 | D:1      | Esekla the Formicid Chaos Knight began the quest for the
                  | Orb.
     0 | D:1      | Reached XP level 1. HP: 18/18 MP: 1/1
    72 | D:1      | Reached XP level 2. HP: 18/25 MP: 2/2
   231 | D:1      | XOM: silly message
   441 | D:1      | XOM: divination: detect items
   465 | D:1      | Reached XP level 3. HP: 30/30 MP: 3/3
   605 | D:1      | XOM: polymorph goblin -> hobgoblin
   667 | D:2      | XOM: noise
   682 | D:1      | XOM: cast spell 'Ring of Flames'
   755 | D:1      | XOM: god gift: 8 stones
   950 | D:2      | XOM is BORED!
   950 | D:2      | XOM: chaos upgrade
   954 | D:2      | Reached skill level 1 in Dodging
   959 | D:2      | Reached XP level 4. HP: 27/38 MP: 4/4
   973 | D:2      | Noticed Robin
   998 | D:2      | You fall into a shaft and drop 2 floors!
  1217 | D:3      | Reached XP level 5. HP: 18/43 MP: 5/5
  1370 | D:4      | XOM: scenery: create altars
  1392 | D:4      | XOM: noise
  1394 | D:4      | Found a bloodstained altar of Trog.
  1400 | D:4      | Reached skill level 1 in Stealth
  1455 | D:4      | Noticed an ogre
  1487 | D:3      | Noticed Grinder
  1516 | D:4      | Killed an ogre
  1516 | D:4      | Reached skill level 5 in Fighting
  1516 | D:4      | Reached XP level 6. HP: 47/51 MP: 6/6
  1604 | D:4      | XOM: scenery: create altars
  1652 | D:4      | Found an iron altar of Okawaru.
  1653 | D:4      | Found a snail-covered altar of Cheibriados.
  1656 | D:4      | Found a shadowy altar of Dithmenos.
  1744 | D:5      | Entered Level 5 of the Dungeon
  1744 | D:5      | Noticed an ogre
  1749 | D:4      | XOM: cleaving
  1750 | D:4      | Killed an ogre
  1750 | D:4      | Reached skill level 5 in Long Blades
  1781 | D:5      | Noticed Ijyb
  1784 | D:5      | Noticed Edmund
  1787 | D:5      | XOM: potion effect (brilliance)
  1824 | D:4      | XOM: give mutations
  1824 | D:4      | Gained mutation: You have sharp toenails. [Xom's mischief]
  1824 | D:4      | Gained mutation: You have a beak for a mouth. [Xom's
                  | mischief]
  1832 | D:5      | Found Kacw's Book Emporium.
  1841 | D:5      | Reached XP level 7. HP: 51/56 MP: 7/7
  1856 | D:5      | You fall into a shaft and drop 2 floors!
  1888 | D:6      | Found an opulent altar of Gozag.
  1911 | D:7      | XOM: polymorph crimson imp -> shadow imp
  1916 | D:7      | HP: 1/56 [black bear (2)]
  1919 | D:7      | Slain by a black bear

Illustrated notes

Levels and vault maps discovered:
D:1:      giann_bridges, layout_loops_ring
D:2:      layout_rooms, zin_scriptorium, minmay_misc_feat_chi, uniq_robin
D:3:      layout_basic, chequers_ecumenical_altar_simple_redux, uniq_terence,
          uniq_grinder, uniq_sigmund
D:4:      layout_rooms, minitemple, kennysheep_mini, serial_undead,
          serial_undead_a, serial_undead_a, serial_undead_c, serial_undead_c,
          first_ration, ebering_ghost_reflecting_pool
D:5:      layout_cave_pools, nicolae_overflow_crystal_walls,
          lemuel_crystal_altar, lemuel_temple_firewalk_b,
          lightli_sewer_entry_pipes, serial_shops, shop,
          nicolae_ossuary_entry_monument, kennysheep_cross_room,
          chequers_serial_rivers_small_a, uniq_edmund, uniq_duvessa, uniq_ijyb,
          uniq_crazy_yiuf_cottage
D:6:      layout_rooms, nicolae_overflow_hidden_temple
D:7:      layout_rooms, kennysheep_mini_moat, lemuel_round_altar, serial_shops,
          nicolae_shop_window_shopping, uniq_harold

Skill      XL: |  1  2  3  4  5  6 |
---------------+-------------------+-----
Fighting       | 4 5 |  5.3
Dodging        | 1 |  1.8
Long Blades    | 4 5 |  5.1
Stealth        | 2 |  2.7
Armour         | |  2.9

Action                   |  1- 3 |  4- 6 |  7- 9 || total
-------------------------+-------+-------+-------++-------
Melee: Falchion          |    90 |    93 |       ||   183
       Long sword        |       |    14 |    21 ||    35
       Kick              |       |     2 |     8 ||    10
       Peck              |       |     2 |     2 ||     4
 Abil: Shaft Self        |       |     1 |     1 ||     2
  Use: Scroll            |       |       |     2 ||     2
 Stab: Petrified         |       |     3 |       ||     3
       Petrifying        |       |     1 |       ||     1
       Paralysed         |       |     5 |       ||     5
  Eat: Ration            |       |     1 |       ||     1
Armor: Leather armour    |    32 |    29 |     5 ||    66
Dodge: Dodged            |    67 |    60 |    21 ||   148
       Rpst.: Falchion   |    21 |    18 |       ||    39
       Long sword        |       |     3 |     2 ||     5
